 Dungeon Crawl Stone Soup version 0.31.0-11-ge490571c62 (webtiles) character file.

Game seed: 9910780756828169083

111 qw the Skirmisher (level 4, -4/25 HPs)
             Began as a Deep Elf Hunter on Feb 3, 2024.
             Slain by Edmund
             ... wielding a +2 heavy flail
              (10 damage)
             ... on level 4 of the Dungeon.
             The game lasted 00:00:38 (1923 turns).

qw the Skirmisher (Deep Elf Hunter)                 Turns: 1923, Time: 00:00:38

Health: -4/25      AC:  5    Str: 10    XL:     4   Next: 62%
Magic:  6/6        EV: 11    Int: 14    God:
Gold:   132        SH:  0    Dex: 18    Spells: 3/3 levels left

rFire   . . .        a - +0 shortbow
rCold   . . .        (shield currently unavailable)
rNeg    . . .        j - +0 ring mail
rPois   .            (no helmet)
rElec   .            (no cloak)
rCorr   .            (no gloves)
SInv    .            (no boots)
Will    .....        (no amulet)
Stlth   +            (no ring)
HPRegen 0.24/turn    (no ring)
MPRegen 0.10/turn

%: no passive effects
@: hasted, very quick
A: no striking features
a: no special abilities


You were on level 4 of the Dungeon.
You visited 1 branch of the dungeon, and saw 4 of its levels.

You collected 132 gold pieces.


   Skills:
 - Level 1.5 Fighting
 + Level 8.0 Ranged Weapons
 - Level 2.4 Dodging
 - Level 1.2 Stealth


You had 3 spell levels left.
You didn't know any spells.
Your spell library was empty.

Inventory:

Hand Weapons
 a - a +0 shortbow (weapon)
Armour
 e - the +0 robe of Fedhas's Displeasure {rF- rN+++ Regen+}
   (You found it on level 2 of the Dungeon)

   rF-:       It makes you vulnerable to fire.
   rN+++:     It renders you almost immune to negative energy.
   Regen+:    It increases your rate of health regeneration.
 j - a +0 ring mail (worn)
Potions
 b - a potion of invisibility {unknown}

Dungeon Overview and Level Annotations

Branches:
Dungeon (4/15)
 Temple: D:4-7

Altars:
Xom

Shops:
D:1 :

Annotations:
D:4 Edmund


Message History

A howler monkey comes into view.
You shoot an arrow.
The arrow hits Edmund but does no damage.
Edmund is lightly wounded.
You shoot an arrow.
The arrow hits Edmund but does no damage.
Edmund is lightly wounded.
You shoot an arrow. The arrow hits Edmund.
Edmund is lightly wounded.
You shoot an arrow. The arrow hits Edmund.
Edmund is moderately wounded.
You shoot an arrow. The arrow barely misses Edmund.
The arrow closely misses the howler monkey.
You shoot an arrow. The arrow hits Edmund.
Edmund is moderately wounded.
The howler monkey hoots and howls with incredible vigour!
Edmund hits you with a +2 heavy flail!
You hear a shout! x7; You hear an angry hiss.
You hear a shout! x2
You shoot an arrow. The arrow closely misses Edmund.
You hear a shout! x2
You shoot an arrow. The arrow hits Edmund.
Edmund is moderately wounded.
The howler monkey hits you. Edmund completely misses you.
You shoot an arrow. The arrow hits Edmund.
Edmund is moderately wounded.
The howler monkey completely misses you.
You shoot an arrow. The arrow hits Edmund!
Edmund is heavily wounded.
Edmund hits you with a +2 heavy flail!
The howler monkey completely misses you.
You shoot an arrow.
The arrow hits Edmund but does no damage.
Edmund is heavily wounded.
The howler monkey misses you.
You shoot an arrow.
The arrow hits Edmund but does no damage.
Edmund is heavily wounded.
Edmund hits you with a +2 heavy flail!
You die...
Edmund says, "I'd like to see a scythe do that!"

.### ...
. #.. ..
... ...
#.#
##....
#.##....
##.#h.#
#.<@@#
#....#
#..###
#.## ..
... ....
##...


You could see Edmund and a howler monkey.

Vanquished Creatures
  5 adders
  2 dart slugs
  4 ball pythons
  2 bats (D:1)
  7 endoplasms
  2 giant cockroaches (D:1)
  3 goblins
  6 hobgoblins
  7 jackals
  7 kobolds
  4 quokkas
  A frilled lizard (D:1)
  6 rats
56 creatures vanquished.

Notes
Turn   | Place    | Note
-------+----------+-------------------------------------------
     0 | D:1      | qw the Deep Elf Hunter began the quest for the Orb.
     0 | D:1      | Reached XP level 1. HP: 12/12 MP: 3/3
     0 | D:1      | 0 ||| qw: Version: 0.3-a-155-g5e7d8dd
     0 | D:1      | 0 ||| qw: Game counter: 3441
     0 | D:1      | 0 ||| qw: Melee chars always use a shield: true
     0 | D:1      | 0 ||| qw: God list: Okawaru
     0 | D:1      | 0 ||| qw: Allow faded altars: false
     0 | D:1      | 0 ||| qw: Do Orc after clearing Dungeon:15 true
     0 | D:1      | 0 ||| qw: Do second Lair branch before Depths: true
     0 | D:1      | 0 ||| qw: Lair rune preference: random
     0 | D:1      | 0 ||| qw: Goals: Normal
     0 | D:1      | 0 ||| PLANNING D:1-11
   129 | D:1      | Found Mulus's Book Emporium.
   241 | D:1      | Reached XP level 2. HP: 16/16 MP: 4/4
   316 | D:1      | Reached skill level 6 in Ranged Weapons
   781 | D:1      | 781 ||| UPGRADING to +0 ring mail.
   791 | D:1      | 791 ||| DROPPING +0 leather armour.
   792 | D:1      | 792 ||| READING scroll labelled ARAMEL SYADD.
   793 | D:1      | 793 ||| READING scroll labelled SAWKOXAIC.
   794 | D:1      | 794 ||| READING scroll labelled SEVAFO KOL LUGAAV.
   797 | D:1      | 797 ||| READING scroll labelled AWKURA MEDA.
   798 | D:1      | 798 ||| READING scroll labelled AMNOALORUA.
   899 | D:1      | 899 ||| DROPPING scroll of butterflies.
   971 | D:2      | Reached XP level 3. HP: 13/20 MP: 5/5
  1228 | D:2      | Reached skill level 7 in Ranged Weapons
  1269 | D:2      | Reached XP level 4. HP: 24/25 MP: 6/6
  1281 | D:2      | Identified the +0 robe of Fedhas's Displeasure {rF- rN+++
                  | Regen+}
  1356 | D:2      | 1356 ||| READING scroll labelled UPEHET UROCIY.
  1356 | D:2      | 1356 ||| IDENTIFYING bubbling ruby potion
  1407 | D:3      | 1407 ||| STAIRDANCE
  1667 | D:3      | Found a shimmering altar of Xom.
  1737 | D:3      | Reached skill level 8 in Ranged Weapons
  1738 | D:3      | 1738 ||| FLEEEEING.
  1739 | D:3      | 1739 ||| FLEEEEING.
  1740 | D:3      | 1740 ||| FLEEEEING.
  1741 | D:3      | 1741 ||| FLEEEEING.
  1742 | D:3      | 1742 ||| FLEEEEING.
  1743 | D:3      | 1743 ||| FLEEEEING.
  1744 | D:3      | 1744 ||| FLEEEEING.
  1745 | D:3      | 1745 ||| STAIRDANCE
  1785 | D:2      | 1785 ||| READING 2 scrolls of identify.
  1785 | D:2      | 1785 ||| IDENTIFYING sapphire potion
  1786 | D:2      | 1786 ||| READING scroll of identify.
  1786 | D:2      | 1786 ||| IDENTIFYING metallic green potion
  1787 | D:2      | 1787 ||| DROPPING potion of degeneration.
  1788 | D:2      | 1788 ||| DROPPING potion of lignification.
  1909 | D:4      | Noticed Edmund
  1910 | D:4      | 1910 ||| DRINKING potion of haste.
  1921 | D:4      | HP: 6/25 [Edmund/+2 heavy flail (9)]
  1923 | D:4      | Slain by Edmund

Levels and vault maps discovered:
D:1:      heliophobic_arrival_enchanted_forest, layout_basic, serial_shops, shop
D:2:      layout_rooms
D:3:      layout_rooms, xom_butterflies
D:4:      cheibrodos_greedy_goblins, layout_loops_cross, ashenzari_altar_1,
          uniq_menkaure, uniq_edmund

Skill      XL: |  1  2  3  4 |
---------------+-------------+-----
Ranged Weapons | 6 7 8 |  8.0
Fighting       | |  1.5
Dodging        | |  2.4
Stealth        | |  1.2

Action                     |  1- 3 |  4- 6 || total
---------------------------+-------+-------++-------
   Fire: Shortbow          |   113 |    64 ||   177
    Use: Scroll            |     5 |     3 ||     8
         Potion            |       |     1 ||     1
 Armour: Leather armour    |    10 |       ||    10
         Ring mail         |    30 |    18 ||    48
  Dodge: Dodged            |    53 |    15 ||    68

Table legend:
 A = Non-vault XP
 B = Vault XP
 C = Vault XP percentage of total XP
 D = Non-vault monster count
 E = Vault monster count
 F = Vault count percentage of total count
                 A         B        C        D         E       F
            +---------+---------+-------+---------+---------+-------
      Total |     159 |       0 |   0.0 |      56 |       0 |   0.0
            +---------+---------+-------+---------+---------+-------
        D:1 |      32 |       0 |   0.0 |      19 |       0 |   0.0
        D:2 |      68 |       0 |   0.0 |      18 |       0 |   0.0
        D:3 |      59 |       0 |   0.0 |      19 |       0 |   0.0
            +---------+---------+-------+---------+---------+-------
